 Dungeon Sprint DCSS version 0.32-a0-422-g28b100f618 (webtiles) character file.

Game seed: 17263904095780656322

1701 adelrune the Grappler (level 8, -2/88 HPs)
             Began as a Troll Fighter on Feb 21, 2024.
             Was an Initiate of Jiyva.
             Slain by a boulder beetle (16 damage)
             ... in the Dungeon (Sprint IX: "|||||||||||||||||||||||||||||").
             The game lasted 00:01:03 (200 turns).

adelrune the Grappler (Troll Fighter)                Turns: 200, Time: 00:01:04

Health: -2/88      AC:  7    Str: 27    XL:     8   Next: 73%
Magic:  7/7        EV: 11    Int:  4    God:    Jiyva [......]
Gold:   0          SH: 10    Dex: 12    Spells: 7/7 levels left

rFire   . .          .
                       - Unarmed
rCold   . . .        b - +0 kite shield
rNeg    . . .        a - +0 robe
rPois   .            (helmet restricted)
rElec   .            m - +0 cloak
rCorr   .            (gloves unavailable)
SInv    .            (boots unavailable)
Will    .....        (no amulet)
Stlth   +            o - +2 ring of protection
HPRegen 1.14/turn    n - +3 ring of dexterity
MPRegen 0.10/turn

%: no teleportation
@: on berserk cooldown, slowed, very slow
A: large, unfitting armour, claws 3, regeneration 1, shaggy fur 1, tough skin 1
a: Renounce Religion


You were in the Dungeon.
You worshipped Jiyva.
Jiyva was noncommittal.
You visited 1 branch

Inventory:

Armour
 a - a +0 robe (worn)
 b - a +0 kite shield (worn)
 m - a +0 cloak (worn)
Jewellery
 n - a +3 ring of dexterity (right claw)
 o - a +2 ring of protection (left claw)
Wands
 l - a wand of quicksilver (10)
Scrolls
 i - 2 scrolls of blinking
 k - 2 scrolls of amnesia
Potions
 c - a potion of might
 d - 5 potions of curing
 e - 3 potions of heal wounds
 f - a potion of haste
 g - 4 potions of magic
 j - a potion of invisibility


   Skills:
 + Level 7.9 Fighting
 + Level 7.9 Dodging
 + Level 8.6 Shields
 * Level 12.6 Unarmed Combat


You had 7 spell levels left.
You didn't know any spells.
Your spell library was empty.

Dungeon Overview and Level Annotations

Branches:
Dungeon (1/1)

Altars:
Cheibriados
Dithmenos
Elyvilon
Fedhas
Gozag
Hepliaklqana
Kikubaaqudgha
Makhleb
Nemelex Xobeh
Okawaru
Qazlal
Ru
Sif Muna
Trog
Uskayaw
Vehumet
Wu Jian
Xom
Yredelemnul
Zin
The Shining One
Beogh
Jiyva
Lugonu


Innate Abilities, Weirdness & Mutations

You are too large for most types of armour.
You have claws for hands.
Your natural rate of healing is unusually fast.
You are covered in fur. (AC +1)
You have tough skin. (AC +1)


Message History

You claw the skeletal warrior!
The skeletal warrior is heavily damaged.
You barely miss the skeletal warrior.
The skeletal warrior is heavily damaged.
The skeletal warrior hits you with a +0 scimitar!
You closely miss the skeletal warrior.
The skeletal warrior is heavily damaged.
You block the skeletal warrior's attack.
You claw the skeletal warrior!
The skeletal warrior is severely damaged.
You closely miss the skeletal warrior.
The skeletal warrior is severely damaged.
The skeletal warrior hits you with a +0 scimitar!!
You mangle the skeletal warrior!!
You destroy the skeletal warrior!
The boulder beetle leaps!
Your Shields skill increases to level 8!
Your Unarmed Combat skill increases to level 12!
You mangle the vampire mosquito!!
The vampire mosquito is severely damaged.
The vampire mosquito barely misses you.
You mangle the vampire mosquito!!
You destroy the vampire mosquito!
Things that are here:
a +0 scimitar; a vampire mosquito corpse You feel a strong urge to attack something.
You are no longer berserk.
You are exhausted.
You feel yourself slow down.
There is an open door, spattered with blood here.
Things that are here:
a +0 hand axe; a +0 robe; a meliai corpse The boulder beetle curls into a ball and begins rolling!
The boulder beetle hits you!!
* * * LOW HITPOINT WARNING * * *
The boulder beetle stops rolling and uncurls.
The boulder beetle waves its antennae.
The boulder beetle bites you!
You die...
Jiyva sends a jelly to digest your remains. ▓▓▓▓▓▓▓▓▓▓▓▓▓▓▓▓▓▓▓▓▓▓▓▓▓▓▓ __'..).[.[..°°°B@..)).....+ ▓▓▓▓▓▓▓▓▓▓▓▓▓▓▓▓▓▓▓▓▓▓▓▓▓▓▓

You could see a boulder beetle.

Vanquished Creatures
  A skeletal warrior (D)
  A meliai (D)
  A shadow (D)
  A vampire mosquito (D)
  2 acid dragons (D)
  2 centaurs (D)
  A kobold brigand (D)
  A bombardier beetle (D)
  A hound (D)
  A gnoll bouda (D)
  An orc wizard (D)
  An orc (D)
  An endoplasm (D)
  A hobgoblin (D)
  A ball python (D)
  A bat (D)
  A kobold (D)
19 creatures vanquished.

Vanquished Creatures (others)
  A manticore (D)
  A meliai (shapeshifter) (D)
  A tarantella (shapeshifter) (D)
  A slime creature (D)
4 creatures vanquished.

Grand Total: 23 creatures vanquished

Notes
Turn   | Place    | Note
-------+----------+-------------------------------------------
     0 | D        | adelrune the Troll Fighter began the quest for the Orb.
     0 | D        | Reached XP level 1. HP: 22/22 MP: 0/0
    19 | D        | Reached skill level 3 in Unarmed Combat
    20 | D        | Reached XP level 2. HP: 29/29 MP: 1/1
    25 | D        | Noticed a centaur
    25 | D        | Noticed a bombardier beetle
    37 | D        | Killed a centaur
    38 | D        | Reached skill level 5 in Unarmed Combat
    38 | D        | Reached XP level 3. HP: 31/39 MP: 2/2
    38 | D        | Reached XP level 4. HP: 38/48 MP: 3/3
    42 | D        | Reached skill level 6 in Unarmed Combat
    47 | D        | Reached XP level 5. HP: 36/55 MP: 4/4
    50 | D        | Reached skill level 5 in Shields
    50 | D        | Reached skill level 7 in Unarmed Combat
    55 | D        | Found a roughly hewn altar of Beogh.
    55 | D        | Found a snail-covered altar of Cheibriados.
    55 | D        | Found a shadowy altar of Dithmenos.
    55 | D        | Found a white marble altar of Elyvilon.
    55 | D        | Found a blossoming altar of Fedhas.
    55 | D        | Found an opulent altar of Gozag.
    56 | D        | Found a hazy altar of Hepliaklqana.
    57 | D        | Found a viscous altar of Jiyva.
    58 | D        | Found an ancient bone altar of Kikubaaqudgha.
    59 | D        | Found a corrupted altar of Lugonu.
    60 | D        | Found a burning altar of Makhleb.
    61 | D        | Found a sparkling altar of Nemelex Xobeh.
    62 | D        | Found an iron altar of Okawaru.
    63 | D        | Found a stormy altar of Qazlal.
    64 | D        | Found a sacrificial altar of Ru.
    65 | D        | Became a worshipper of Jiyva Juzes the Shapeless
    65 | D        | Killed a manticore
    66 | D        | Found a shimmering blue altar of Sif Muna.
    67 | D        | Found a bloodstained altar of Trog.
    67 | D        | Killed a slime creature
    68 | D        | Found a hide-covered altar of Uskayaw.
    69 | D        | Found a radiant altar of Vehumet.
    70 | D        | Found an ornate altar of the Wu Jian Council.
    71 | D        | Found a shimmering altar of Xom.
    72 | D        | Found a basalt altar of Yredelemnul.
    73 | D        | Found a glowing silver altar of Zin.
    74 | D        | Found a glowing golden altar of the Shining One.
    78 | D        | Killed a tarantella
   106 | D        | Noticed an acid dragon
   106 | D        | Noticed an acid dragon
   106 | D        | Noticed a shadow
   106 | D        | Noticed a centaur
   106 | D        | Killed a meliai
   110 | D        | Killed an acid dragon
   111 | D        | Reached skill level 5 in Fighting
   111 | D        | Reached skill level 5 in Dodging
   111 | D        | Reached skill level 8 in Unarmed Combat
   111 | D        | Reached XP level 6. HP: 45/66 MP: 5/5
   118 | D        | Killed a shadow
   119 | D        | Reached skill level 9 in Unarmed Combat
   122 | D        | Killed an acid dragon
   123 | D        | Reached XP level 7. HP: 25/75 MP: 6/6
   126 | D        | Reached skill level 10 in Unarmed Combat
   177 | D        | Noticed a skeletal warrior
   177 | D        | Noticed a meliai
   177 | D        | Noticed a boulder beetle
   177 | D        | Noticed a vampire mosquito
   181 | D        | Killed a meliai
   182 | D        | Reached skill level 11 in Unarmed Combat
   182 | D        | Reached XP level 8. HP: 67/87 MP: 7/7
   193 | D        | Killed a skeletal warrior
   194 | D        | Reached skill level 12 in Unarmed Combat
   200 | D        | Slain by a boulder beetle

Illustrated notes

Levels and vault maps discovered:
D:        linesprint [early_d, line_temple, items_1, d_10, items_2, lair_1,
          lair_end, items_3, orc_1, orc_end, items_4, d_15, swamp_1, shoals_1,
          snake_1, spider_1, d_20, vaults_1, items_5, swamp_end, shoals_end,
          snake_end, spider_end, vaults_end, d_27, items_6, zot_1, zot_end,
          crypt_end, forest_end, elf_end, slime_end, tomb_end, abyss_end,
          pan_hell_end]

Skill      XL: |  1  2  3  4  5  6  7  8 |
---------------+-------------------------+-----
Shields        | 3 4 5 6 7 8 |  8.6
Unarmed Combat | 3 5 6 8 9 11 12 | 12.6
Fighting       | 4 5 6 7 |  7.9
Dodging        | 3 4 5 6 7 |  7.9

Action                     |  1- 3 |  4- 6 |  7- 9 || total
---------------------------+-------+-------+-------++-------
  Melee: Unarmed           |    27 |    27 |    24 ||    78
    Use: Potion            |       |       |     1 ||     1
 Armour: Robe              |    19 |    10 |    11 ||    40
  Dodge: Dodged            |    12 |     4 |    10 ||    26
  Block: Kite shield       |    11 |     8 |     6 ||    25

Table legend: (Time is in decaauts)
 A = Elapsed time spent in this place.
 B = Non-inter-level travel time spent in this place.
 C = Inter-level travel time spent in this place.
 D = Time resting spent in this place.
 E = Time spent auto-exploring this place.
 F = Levels seen in this place.
 G = Mean time per level.
                   A        B        C        D        E       F      G
               +--------+--------+--------+--------+--------+-----+--------+
         Total |    193 |    193 |      0 |     37 |      0 |   1 |  193.0 |
       Dungeon |    193 |    193 |      0 |     37 |      0 |   1 |  193.0 |
               +--------+--------+--------+--------+--------+-----+--------+

Top non-repeatable levels by time:
       D: 193 daAuts
